 Dungeon Crawl Stone Soup version 0.31.0-11-ge490571c62 (webtiles) character file.

Game seed: 10128772894906631319

56 qw the Shooter (level 3, -2/20 HPs)
             Began as a Deep Elf Hunter on Feb 3, 2024.
             Killed from afar by an orc wizard (7 damage)
             ... with a puff of flame
             ... on level 3 of the Dungeon.
             The game lasted 00:00:04 (1738 turns).

qw the Shooter (Deep Elf Hunter)                    Turns: 1738, Time: 00:00:05

Health: -2/20      AC:  5    Str: 10    XL:     3   Next: 69%
Magic:  5/5        EV: 11    Int: 13    God:
Gold:   116        SH:  0    Dex: 18    Spells: 2/2 levels left

rFire   . . .        a - +1 shortbow
rCold   . . .        (shield currently unavailable)
rNeg    . . .        e - +0 ring mail
rPois   .            (no helmet)
rElec   .            (no cloak)
rCorr   .            (no gloves)
SInv    .            (no boots)
Will    .....        (no amulet)
Stlth   +            (no ring)
HPRegen 0.23/turn    (no ring)
MPRegen 0.09/turn

%: no passive effects
@: no status effects
A: no striking features
a: no special abilities


You were on level 3 of the Dungeon.
You visited 1 branch of the dungeon, and saw 3 of its levels.

You collected 116 gold pieces.


   Skills:
 - Level 1.5 Fighting
 + Level 7.2 Ranged Weapons
 - Level 2.4 Dodging
 - Level 1.2 Stealth


You had 2 spell levels left.
You didn't know any spells.
Your spell library was empty.

Inventory:

Hand Weapons
 a - a +1 shortbow (weapon)
Armour
 e - a +0 ring mail (worn)
Potions
 b - a potion of might {unknown}
 c - a potion of mutation {unknown}
 d - a potion of curing {unknown}
 g - a potion of enlightenment

Dungeon Overview and Level Annotations

Branches:
Dungeon (3/15)

Altars:


Message History

You shoot an arrow. The arrow barely misses the orc wizard.
The orc hits you with a +0 hand axe.
The orc wizard hits you but does no damage.
You shoot an arrow. The jackal barks!
The arrow hits the orc wizard.
The orc wizard is severely wounded.
The orc hits you but does no damage.
The orc wizard hits you but does no damage.
You shoot an arrow.
The arrow hits the orc wizard but does no damage.
The orc wizard is severely wounded.
The orc wizard completely misses you.
An orc comes into view. It is wielding a +0 whip.
The orc barely misses you.
Enter note:
Enter note:
1733 ||| RETREEEEATING.
The orc priest begins to cast a cantrip, but forgets the words!
You shoot an arrow. The arrow hits the orc!
You kill the orc!
You shoot an arrow. The arrow hits the orc wizard.
The orc wizard is severely wounded.
The orc wizard hits you but does no damage. x2
You shoot an arrow.
The arrow closely misses the orc wizard.
The arrow hits the kobold brigand.
The kobold brigand is moderately wounded.
The orc wizard gestures wildly while chanting.
The orc wizard flickers and vanishes!
Deactivating autopickup; reactivate with Ctrl-A.
The kobold brigand throws a poisoned dart.
You shoot an arrow. The arrow hits the kobold brigand.
The kobold brigand is moderately wounded.
Something hits you.
You shoot an arrow.
You hear some strange, mumbled words.
A puff of flame appears from out of thin air!
The puff of flame hits you!
You die...

#......##.#............
........................
#.......####..###.......#
#...............'.......#
###+##########.##.......#
#..######### ######(.#
#.......# #+#####@# #{#
#Kh...... #hoo.....
#####o... ... .. .


You could see a kobold brigand, an orc priest, an orc and 2 jackals.

Vanquished Creatures
  Terence (D:2)
  A dart slug (D:2)
  An orc (D:3)
  6 ball pythons
  An endoplasm (D:2)
  A giant cockroach (D:2)
  A goblin (D:1)
  2 hobgoblins
  2 jackals (D:2)
  2 quokkas (D:1)
  4 frilled lizards (D:1)
  2 kobolds
  4 rats
28 creatures vanquished.

Notes
Turn   | Place    | Note
-------+----------+-------------------------------------------
     0 | D:1      | qw the Deep Elf Hunter began the quest for the Orb.
     0 | D:1      | Reached XP level 1. HP: 12/12 MP: 3/3
     0 | D:1      | 0 ||| qw: Version: 0.3-a-157-g843a77d
     0 | D:1      | 0 ||| qw: Game counter: 3937
     0 | D:1      | 0 ||| qw: Melee chars always use a shield: true
     0 | D:1      | 0 ||| qw: God list: Okawaru
     0 | D:1      | 0 ||| qw: Allow faded altars: false
     0 | D:1      | 0 ||| qw: Do Orc after clearing Dungeon:15 true
     0 | D:1      | 0 ||| qw: Do second Lair branch before Depths: true
     0 | D:1      | 0 ||| qw: Lair rune preference: random
     0 | D:1      | 0 ||| qw: Goals: Normal
     0 | D:1      | 0 ||| PLANNING D:1-11
   116 | D:1      | Reached XP level 2. HP: 14/16 MP: 4/4
   166 | D:1      | Reached skill level 6 in Ranged Weapons
   212 | D:1      | Found a faded altar of an unknown god.
   759 | D:1      | 759 ||| UPGRADING to +0 ring mail.
   769 | D:1      | 769 ||| DROPPING +0 leather armour.
   770 | D:1      | 770 ||| READING scroll labelled OSUDEXZ OXKIBB.
   774 | D:1      | 774 ||| READING scroll labelled TIYGASADAI.
   774 | D:1      | 774 ||| ENCHANTING +0 shortbow.
   775 | D:1      | 775 ||| DROPPING scroll of butterflies.
  1060 | D:2      | Noticed Terence
  1068 | D:2      | Killed Terence
  1069 | D:2      | Reached skill level 7 in Ranged Weapons
  1069 | D:2      | Reached XP level 3. HP: 20/20 MP: 5/5
  1620 | D:2      | 1620 ||| READING scroll labelled PONGOCV USHEA.
  1621 | D:2      | 1621 ||| DRINKING 2 blue potions.
  1725 | D:3      | Noticed a kobold brigand
  1733 | D:3      | 1733 ||| RETREEEEATING.
  1737 | D:3      | HP: 5/20 [something (4)]
  1738 | D:3      | Killed from afar by an orc wizard

Levels and vault maps discovered:
D:1:      lightli_arrival_windingriver, layout_basic,
          dreamdust_ecumenical_altar_grove
D:2:      layout_loops_corners, uniq_terence
D:3:      layout_basic

Skill      XL: |  1  2 |
---------------+-------+-----
Ranged Weapons | 7 |  7.2
Fighting       | |  1.5
Dodging        | |  2.4
Stealth        | |  1.2

Action                     || total
---------------------------++-------
   Fire: Shortbow          ||    69
    Use: Scroll            ||     3
         Potion            ||     1
 Armour: Leather armour    ||     2
         Ring mail         ||    10
  Dodge: Dodged            ||     9

Table legend:
 A = Non-vault XP
 B = Vault XP
 C = Vault XP percentage of total XP
 D = Non-vault monster count
 E = Vault monster count
 F = Vault count percentage of total count
                 A         B        C        D         E       F
            +---------+---------+-------+---------+---------+-------
      Total |      44 |      36 |  45.0 |      27 |       1 |   3.6
            +---------+---------+-------+---------+---------+-------
        D:1 |      20 |       0 |   0.0 |      14 |       0 |   0.0
        D:2 |      19 |      36 |  65.5 |      11 |       1 |   8.3
        D:3 |       5 |       0 |   0.0 |       2 |       0 |   0.0
            +---------+---------+-------+---------+---------+-------
